 Dungeon Crawl Stone Soup version 0.23.0 (webtiles) character file.

Game seed: 17893553834276542859

11946 catcat the Blocker (level 11, -5/141 HPs)
             Began as a Troll Fighter on Feb 21, 2019.
             Was a High Priest of Okawaru.
             Slain by a two-headed ogre
             ... wielding a +0 giant club
              (15 damage)
             ... on level 10 of the Dungeon.
             The game lasted 00:17:50 (7522 turns).

catcat the Blocker (Troll Fighter)                  Turns: 7522, Time: 00:17:50

Health: -5/141     AC: 25    Str: 30    XL:     11   Next: 56%
Magic:  10/10      EV:  1    Int:  4    God:    Okawaru [*****.]
Gold:   501        SH: 21    Dex: 12    Spells: 10/10 levels left

rFire    . . .     SeeInvis .     - Unarmed
rCold    . . .     Gourm    +   g - +1 large shield
rNeg     + + +     Faith    .   (armour currently unavailable)
rPois    +         Spirit   .   (helmet currently unavailable)
rElec    .         Reflect  .   (cloak currently unavailable)
rCorr    .         Harm     .   (gloves unavailable)
MR       .....     NoTele   +   (boots unavailable)
Stlth    +.........             M - amulet of the acrobat
HPRegen  0.73/turn              n - ring of poison resistance
MPRegen  0.12/turn              I - +4 ring of strength

@: tree-form
A: large, unfitting armour, fast metabolism 3, gourmand, regeneration 1
a: Heroism, Finesse, Renounce Religion


You were on level 10 of the Dungeon.
You worshipped Okawaru.
Okawaru was extremely pleased with you.
You were very full.
You were a tree.
You visited 2 branches of the dungeon, and saw 11 of its levels.

You collected 501 gold pieces.

Inventory:

Hand Weapons
 D - a +0 mace
 F - a cursed +5 flail
Armour
 a - a +0 robe
 b - a +0 shield
 g - a +1 large shield (worn)
 P - a +1 robe of fire resistance (melded)
Jewellery
 n - a ring of poison resistance (left branch)
 I - a +4 ring of strength (right branch)
 M - an amulet of the acrobat (around neck)
Wands
 z - a wand of acid (10)
 E - a wand of enslavement (7)
 G - a wand of flame (23)
 K - a wand of paralysis (9)
 N - a wand of digging (7)
 Q - a wand of disintegration (8)
Scrolls
 e - a scroll of fear
 h - a scroll of fog
 l - 2 scrolls of enchant armour
 o - 4 scrolls of noise {unknown}
 q - a scroll of identify
 r - 2 scrolls of immolation {unknown}
 s - 3 scrolls of amnesia {unknown}
 t - 2 scrolls of enchant weapon {unknown}
 v - 3 scrolls of blinking {unknown}
 w - 2 scrolls of teleportation
 y - 3 scrolls of remove curse
 H - a scroll of summoning {unknown}
 J - a scroll of magic mapping {unknown}
 L - a scroll of random uselessness {unknown}
Potions
 c - a potion of might
 f - 2 potions of lignification
 i - a potion of resistance {unknown}
 j - 2 potions of haste
 k - a potion of agility {unknown}
 m - 2 potions of flight {unknown}
 p - 3 potions of ambrosia
 u - 3 potions of curing
 x - a potion of cancellation {unknown}
 A - 2 potions of degeneration {unknown}
 B - 3 potions of heal wounds {unknown}
 C - 5 potions of brilliance
Comestibles
 d - 17 rations


   Skills:
 - Level 2.4 Fighting
 - Level 2.4 Dodging
 + Level 12.2 Shields
 - Level 11.7 Unarmed Combat


You had 10 spell levels left.
You didn't know any spells.
Your spell library contained the following spells:

 Spells                   Type           Power        Failure   Level  Hunger
 Summon Small Mammal      Summ           #...         71%         1    ##.....
 Call Imp                 Summ           #.......     83%         2    ###....
 Call Canine Familiar     Summ           #.......     97%         3    ####...
 Summon Guardian Golem    Hex/Summ       #.......     97%         3    ####...
 Summon Ice Beast         Ice/Summ       #.......     100%        4    #####..
 Summon Lightning Spire   Summ/Air       #.......     100%        4    #####..


Dungeon Overview and Level Annotations

Branches:
Dungeon (10/15)            Temple (1/1) D:5
   Lair: D:8-11         Orc: D:9-12

Altars:
Ashenzari
Cheibriados
Dithmenos
Fedhas
Gozag
Hepliaklqana
Kikubaaqudgha
Makhleb
Nemelex Xobeh
Okawaru
Qazlal
Ru
Sif Muna
Trog
Vehumet
Wu Jian
Xom
Yredelemnul
Zin
The Shining One

Shops:
D:7 [

Annotations:
D:9 2 transporters, jaah's ghost, novice HOBe
D:10 Maurice


Innate Abilities, Weirdness & Mutations

You are too large for most types of armour.
((You have claws for hands.))
Your metabolism is lightning-fast.
You like to eat raw meat.
Your natural rate of healing is unusually fast.
((You are covered in fur. (AC +1)))
((You have extremely tough skin. (AC +3)))


Message History

You claw the porcupine!
The porcupine is heavily wounded.
The porcupine bites you.
* * * LOW HITPOINT WARNING * * *
You turn into a tree.
Your +1 robe of fire resistance melds into your body.
You feel less resistant to fire.
Your roots penetrate the ground.
The porcupine bites you but does no damage.
You block the porcupine's attack.
You pummel the porcupine!!
You kill the porcupine!
Okawaru accepts your kill.
You swing at nothing.
You thrash the jelly!!!
You kill the jelly!
Okawaru accepts your kill.
You pummel the two-headed ogre!!
The two-headed ogre is heavily wounded.
The two-headed ogre hits you with a +0 giant club!
You die...

# ...P.####% #.
P.PPP...P.
#.##.PP.P....
##......P.P.PP
#.......?P.P..
#.....†#......
#<....#
..#######)....##
......†♣O$.......
..#######.....###
#.....# #.#.###
#.#.# #(#.# #.#.#
.#


You could see a two-headed ogre.

Vanquished Creatures
  A centaur warrior (D:10)
  A two-headed ogre (D:8)
  A centaur zombie (D:10)
  The ghost of enarc13 the Cudgeler, a novice HOFi of Beogh (D:6)
  Psyche (D:9)
  A gargoyle (D:10)
  Prince Ribbit (D:7)
  5 hippogriffs
  3 wyverns
  19 yaks
  A hungry ghost (D:9)
  Eustachio (D:4)
  A steam dragon (D:10)
  A porcupine (D:10)
  A water moccasin (D:7)
  Duvessa (D:7)
  4 black bears
  2 sky beasts
  An ice beast (D:8)
  7 ogres
  A phantom (D:7)
  2 centaurs
  A big kobold (D:8)
  10 bullfrogs
  Dowan (D:7)
  A scorpion (D:8)
  3 killer bees (D:10)
  8 wights
  8 crimson imps
  4 howler monkeys
  5 jellies
  3 orc wizards
  A quasit (D:10)
  2 orc priests
  8 hounds
  A centaur skeleton (D:9)
  5 iguanas
  Natasha (thrice) (D:2)
  9 worker ants
  2 killer bee zombies
  A hound zombie (D:5)
  A worker ant zombie (D:8)
  A howler monkey zombie (D:9)
  Robin (D:3)
  14 adders
  2 adder zombies
  A worm (D:5)
  2 dart slugs (D:1)
  7 leopard geckos
  23 orcs
  3 ball pythons
  2 giant cockroaches
  11 goblins
  5 hobgoblins
  15 jackals
  4 quokkas
  7 bats
  5 frilled lizards
  8 kobolds
  A leopard gecko skeleton (D:5)
  A quokka skeleton (D:6)
  7 rats
254 creatures vanquished.

Vanquished Creatures (others)
  2 fungi (D:10)
2 creatures vanquished.

Grand Total: 256 creatures vanquished

Notes
Turn   | Place    | Note
-------+----------+-------------------------------------------
     0 | D:1      | catcat the Troll Fighter began the quest for the Orb.
     0 | D:1      | Reached XP level 1. HP: 22/22 MP: 0/0
   152 | D:1      | Reached XP level 2. HP: 29/29 MP: 1/1
   571 | D:1      | Reached XP level 3. HP: 36/36 MP: 2/2
   849 | D:2      | Noticed Natasha
   855 | D:2      | Killed Natasha
   855 | D:2      | Reached XP level 4. HP: 34/44 MP: 3/3
   903 | D:2      | Noticed Natasha
   919 | D:2      | Killed Natasha
  1019 | D:2      | Noticed Natasha
  1038 | D:2      | Killed Natasha
  1038 | D:2      | Reached skill level 5 in Unarmed Combat
  1311 | D:3      | Reached XP level 5. HP: 49/50 MP: 4/4
  1329 | D:3      | Found a blossoming altar of Fedhas.
  1532 | D:3      | Noticed Robin
  1540 | D:3      | Killed Robin
  2081 | D:4      | Reached XP level 6. HP: 55/59 MP: 5/5
  2180 | D:4      | Noticed Eustachio
  2192 | D:4      | Killed Eustachio
  2307 | D:4      | Reached XP level 7. HP: 28/66 MP: 6/6
  3163 | D:5      | Entered Level 5 of the Dungeon
  3312 | D:5      | Found a staircase to the Ecumenical Temple.
  3312 | D:5      | Noticed a hippogriff
  3321 | D:5      | Killed a hippogriff
  3330 | Temple   | Entered the Ecumenical Temple
  3561 | D:5      | Reached XP level 8. HP: 70/74 MP: 7/7
  3631 | D:5      | Reached skill level 10 in Unarmed Combat
  3768 | D:5      | Found an opulent altar of Gozag.
  4172 | D:6      | Reached XP level 9. HP: 80/80 MP: 8/8
  4183 | D:6      | Reached skill level 3 in Shields
  4243 | D:6      | Found an iron altar of Okawaru.
  4265 | D:6      | Became a worshipper of Warmaster Okawaru
  4445 | D:6      | Reached skill level 4 in Shields
  4467 | D:6      | Found a basalt altar of Yredelemnul.
  4623 | D:6      | Found a runed translucent door.
  4774 | D:6      | Noticed enarc13's ghost (novice HOFi)
  4785 | D:6      | Killed enarc13's ghost
  4785 | D:6      | Reached * piety under Okawaru
  4785 | D:6      | Reached skill level 5 in Shields
  4851 | D:7      | Found Misas's Antique Armour Shoppe.
  4924 | D:7      | Found a shimmering altar of Xom.
  5071 | D:7      | Reached skill level 6 in Shields
  5229 | D:7      | Noticed Duvessa
  5229 | D:7      | Noticed Dowan
  5237 | D:7      | Killed Duvessa
  5242 | D:7      | Killed Dowan
  5303 | D:7      | Noticed Prince Ribbit
  5333 | D:7      | Killed Prince Ribbit
  5333 | D:7      | Reached ** piety under Okawaru
  5333 | D:7      | Reached skill level 7 in Shields
  5715 | D:8      | Reached XP level 10. HP: 73/88 MP: 9/9
  5832 | D:8      | Reached skill level 8 in Shields
  5943 | D:8      | Reached *** piety under Okawaru
  5943 | D:8      | Noticed a two-headed ogre
  5950 | D:8      | Killed a two-headed ogre
  5978 | D:8      | Found a snail-covered altar of Cheibriados.
  6017 | D:8      | Reached skill level 9 in Shields
  6237 | D:8      | Found a radiant altar of Vehumet.
  6331 | D:9      | Reached **** piety under Okawaru
  6342 | D:9      | Received a gift from Okawaru
  6401 | D:9      | Reached skill level 10 in Shields
  6411 | D:9      | Noticed Psyche
  6422 | D:9      | Killed Psyche
  6571 | D:9      | Reached XP level 11. HP: 94/94 MP: 10/10
  6608 | D:9      | Reached ***** piety under Okawaru
  6648 | D:9      | Found a transporter.
  6655 | D:9      | Reached skill level 11 in Shields
  6656 | D:9      | Found a transporter.
  6657 | D:9      | Noticed jaah's ghost (novice HOBe)
  7082 | D:10     | Entered Level 10 of the Dungeon
  7300 | D:10     | Noticed Maurice
  7302 | D:10     | Noticed a centaur warrior
  7481 | D:10     | Received a gift from Okawaru
  7510 | D:10     | Noticed a two-headed ogre
  7514 | D:10     | Killed a centaur warrior
  7514 | D:10     | Reached skill level 12 in Shields
  7522 | D:10     | Slain by a two-headed ogre

Skill      XL: |  1  2  3  4  5  6  7  8  9 10 11 |
---------------+----------------------------------+-----
Unarmed Combat | 3 4 5 6 7 9 11 | 11.7
Shields        | 7 10 12 | 12.2
Fighting       | |  2.4
Dodging        | |  2.4

Action                   |  1- 3 |  4- 6 |  7- 9 | 10-12 || total
-------------------------+-------+-------+-------+-------++-------
Melee: Unarmed           |    73 |   153 |   324 |   314 ||   864
Invok: Heroism           |       |       |       |     1 ||     1
  Use: Scroll            |       |     2 |     6 |     2 ||    10
       Potion            |       |       |       |     1 ||     1
 Stab: Sleeping          |       |     2 |       |     2 ||     4
       Distracted        |       |       |     1 |       ||     1
  Eat: Chunk             |    13 |    14 |    31 |    22 ||    80
Armor: Robe              |    16 |    46 |    57 |    50 ||   169
       Skin              |       |       |       |     1 ||     1
Dodge: Dodged            |    12 |    29 |    39 |    61 ||   141
Block: Large shield      |    41 |   121 |   204 |   296 ||   662
       Shield            |     2 |       |       |       ||     2
